General information
- name: BNet
- type: Ladder team game (AT/RT)
- host: Battle.net
- saver: KeKeZergRush
map: TidewaterGlades
- players: 4
- length: 34:27
- speed: Fast
- version: 1.24 W3XP
- replay type: Public
» download(127 KB)
Players
team 1 (winner)
KeKeZergRush (
orange | 93 APM | 3199 actions | 34:27)
6 Mountain King
3 Storm Bolt
2 Bash
1 Avatar
6 Paladin
3 Holy Light
3 Divine Shield
» actions
| Assign group hotkey | 19 | |
| Basic commands | 30 | |
| Build / train | 91 | |
| ESC pressed | 4 | |
| Enter build submenu | 39 | |
| Enter hero's abilities submenu | 12 | |
| Give item / drop item | 7 | |
| Right click | 1157 | |
| Select / deselect | 321 | |
| Select group hotkey | 1349 | |
| Use ability | 170 | |
3199 total
» units
| Peasant | 13 | |
| Dragonhawk Rider | 8 | |
| Gryphon Rider | 5 | |
| Troll Batrider | 9 | |
| Siege Engine | 1 | |
36 total
» upgrades
| Masonry | 3 | |
| Lumber Harvesting | 2 | |
| Cloud | 1 | |
| Storm Hammers | 1 | |
| Animal War Training | 1 | |
| Swords | 3 | |
| Armor | 3 | |
| Barrage | 1 | |
15 total
» buildings
| Altar of Kings | 1 | |
| Farm | 14 | |
| Lumber Mill | 1 | |
| Scout Tower | 17 | |
| Arcane Tower | 2 | |
| Guard Tower | 8 | |
| Arcane Vault | 1 | |
| Keep | 1 | |
| Blacksmith | 1 | |
| Gryphon Aviary | 3 | |
| Castle | 1 | |
| Barracks | 1 | |
| Town Hall | 1 | |
| Voodoo Lounge | 1 | |
| Arcane Sanctum | 1 | |
| Workshop | 2 | |
56 total
» build order
00:07 Altar of Kings
00:11 Farm
00:22 Lumber Mill
00:57 Farm
01:21 Scout Tower
01:27 Scout Tower
01:48 Arcane Tower
01:59 Scout Tower
02:03 Scout Tower
02:05 Guard Tower
02:34 Guard Tower
02:39 Guard Tower
02:48 Arcane Vault
02:52 Scout Tower
02:53 Scout Tower
03:26 Guard Tower
04:07 Keep
04:09 Guard Tower
04:26 Scout Tower
04:27 Scout Tower
04:28 Scout Tower
04:28 Scout Tower
04:58 Farm
05:33 Guard Tower
05:52 Blacksmith
06:09 Scout Tower
06:11 Scout Tower
06:11 Scout Tower
06:12 Scout Tower
06:31 Gryphon Aviary
06:48 Guard Tower
07:51 Castle
08:30 Guard Tower
08:44 Gryphon Aviary
09:36 Farm
09:37 Farm
09:42 Farm
09:43 Farm
12:55 Barracks
22:54 Farm
22:55 Farm
22:55 Farm
22:56 Farm
23:38 Farm
23:39 Farm
24:59 Town Hall
27:16 Farm
27:27 Gryphon Aviary
27:54 Voodoo Lounge
28:46 Scout Tower
28:47 Scout Tower
28:48 Scout Tower
30:43 Arcane Tower
30:46 Arcane Sanctum
32:24 Workshop
32:25 Workshop
» items
| Boots of Speed | 1 | |
| Staff of Teleportation | 1 | |
| Lesser Clarity Potion | 3 | |
| Healing Salve | 1 | |
| Staff of Sanctuary | 1 | |
| Scroll of Town Portal | 2 | |
| Scroll of Regeneration | 2 | |
| Orb of Lightning | 2 | |
13 total
SERIOUSCRAFT (
green | 42 APM | 608 actions | 14:34)
2 Blademaster
1 Wind Walk
1 Critical Strike
» actions
| Assign group hotkey | 5 | |
| Build / train | 38 | |
| Enter build submenu | 17 | |
| Enter hero's abilities submenu | 2 | |
| Give item / drop item | 1 | |
| Remove unit from queue | 2 | |
| Right click | 291 | |
| Select / deselect | 128 | |
| Select group hotkey | 75 | |
| Use ability | 49 | |
608 total
» units
» upgrades
| Ranged Weapons | 3 | |
| Armor | 1 | |
| Liquid Fire | 1 | |
| Reinforced Defenses | 1 | |
6 total
» buildings
| Altar of Storms | 1 | |
| Orc Burrow | 4 | |
| War Mill | 1 | |
| Voodoo Lounge | 1 | |
| Watch Tower | 15 | |
| Stronghold | 1 | |
| Beastiary | 3 | |
| Fortress | 1 | |
27 total
» build order
00:30 Altar of Storms
00:34 Orc Burrow
01:06 War Mill
01:31 Voodoo Lounge
01:40 Orc Burrow
02:21 Watch Tower
02:47 Watch Tower
03:10 Watch Tower
04:47 Stronghold
05:27 Watch Tower
05:30 Watch Tower
06:22 Orc Burrow
06:24 Orc Burrow
06:42 Watch Tower
06:48 Watch Tower
06:49 Watch Tower
06:51 Watch Tower
08:38 Beastiary
08:41 Beastiary
08:46 Beastiary
08:51 Fortress
09:15 Watch Tower
09:16 Watch Tower
12:01 Watch Tower
12:03 Watch Tower
12:04 Watch Tower
13:20 Watch Tower
» items
| Healing Salve | 2 | |
| Lesser Clarity Potion | 1 | |
| Circlet of Nobility | 1 | |
4 total
team 2 (loser)
Chaos_of_Doom (
purple | 50 APM | 1700 actions | 34:16)
6 Death Knight
2 Death Coil
3 Unholy Aura
1 Animate Dead
» actions
| Build / train | 49 | |
| Enter build submenu | 18 | |
| Enter hero's abilities submenu | 6 | |
| Give item / drop item | 4 | |
| Remove unit from queue | 1 | |
| Right click | 1160 | |
| Select / deselect | 412 | |
| Use ability | 48 | |
1700 total
» units
| Ghoul | 5 | |
| Acolyte | 8 | |
| Frost Wyrm | 18 | |
31 total
» upgrades
| Creature Carapace | 3 | |
| Creature Attack | 2 | |
| Freezing Breath | 1 | |
6 total
» buildings
| Crypt | 1 | |
| Altar of Darkness | 1 | |
| Ziggurat | 7 | |
| Graveyard | 1 | |
| Halls of the Dead | 1 | |
| Spirit Tower | 2 | |
| Black Citadel | 1 | |
| Sacrificial Pit | 2 | |
| Boneyard | 2 | |
18 total
» build order
00:11 Crypt
00:14 Altar of Darkness
00:18 Ziggurat
02:43 Graveyard
03:16 Ziggurat
03:19 Ziggurat
05:23 Halls of the Dead
06:46 Ziggurat
06:49 Ziggurat
06:53 Spirit Tower
07:34 Spirit Tower
08:56 Black Citadel
10:08 Black Citadel
11:04 Sacrificial Pit
11:08 Sacrificial Pit
11:14 Ziggurat
12:56 Boneyard
13:02 Boneyard
21:35 Ziggurat
eGypTo_BuzZ (
pink | 35 APM | 1193 actions | 34:24)
2 Mountain King
1 Storm Bolt
1 Thunder Clap
» actions
| Assign group hotkey | 10 | |
| Basic commands | 3 | |
| Build / train | 49 | |
| Enter build submenu | 37 | |
| Enter hero's abilities submenu | 2 | |
| Give item / drop item | 1 | |
| Remove unit from queue | 8 | |
| Right click | 605 | |
| Select / deselect | 299 | |
| Select group hotkey | 119 | |
| Use ability | 60 | |
1193 total
» units
| Peasant | 9 | |
| Footman | 13 | |
| Rifleman | 4 | |
| Dragonhawk Rider | 4 | |
30 total
» buildings
| Barracks | 3 | |
| Altar of Kings | 1 | |
| Farm | 13 | |
| Keep | 2 | |
| Lumber Mill | 1 | |
| Scout Tower | 7 | |
| Guard Tower | 4 | |
| Blacksmith | 1 | |
| Town Hall | 2 | |
| Gryphon Aviary | 4 | |
| Arcane Vault | 1 | |
| Castle | 1 | |
40 total
» build order
00:08 Barracks
00:10 Altar of Kings
00:15 Farm
01:24 Farm
02:05 Farm
04:06 Farm
04:10 Keep
04:20 Lumber Mill
04:53 Scout Tower
04:58 Scout Tower
05:06 Scout Tower
05:59 Barracks
06:55 Guard Tower
06:56 Guard Tower
06:58 Guard Tower
07:22 Barracks
08:07 Farm
08:08 Farm
08:09 Farm
10:31 Scout Tower
10:38 Scout Tower
11:08 Farm
11:10 Farm
11:16 Scout Tower
11:21 Scout Tower
12:45 Guard Tower
12:51 Blacksmith
13:22 Farm
14:48 Town Hall
19:39 Keep
22:01 Gryphon Aviary
22:05 Gryphon Aviary
22:10 Gryphon Aviary
22:15 Gryphon Aviary
23:09 Farm
23:12 Farm
23:15 Farm
23:47 Arcane Vault
27:12 Town Hall
33:15 Castle
» items
Chat log
(00:39 / Allies) KeKeZergRush: so how do we tower this?
(00:51 / Allies) KeKeZergRush: tower base you said?
(01:40 / Allies) KeKeZergRush: ud and human
(01:43 / Allies) KeKeZergRush: space towers
(02:16 / Allies) KeKeZergRush: where we going
(05:16 / All) Chaos_of_Doom: chicken tataics
(05:17 / All) Chaos_of_Doom: idolt
(05:22 / All) SERIOUSCRAFT: "idolt"
(05:32 / All) Chaos_of_Doom: haha u shoulda just died in honour
(05:39 / All) Chaos_of_Doom: wiht acyolottes ahah
(05:43 / All) SERIOUSCRAFT: like your dk
(05:47 / All) Chaos_of_Doom: mmh
(05:55 / All) Chaos_of_Doom: same to u
(05:56 / All) Chaos_of_Doom: ahah
(07:13 / Allies) KeKeZergRush: check human
(07:16 / Allies) KeKeZergRush: i think
(08:23 / Allies) KeKeZergRush: i was dead anyway
(08:24 / Allies) KeKeZergRush: lvl 1
(08:25 / All) Chaos_of_Doom: muahahahj
(08:38 / Allies) KeKeZergRush: lots of footies
(08:53 / Allies) KeKeZergRush: gettign gryphs
(10:22 / Allies) KeKeZergRush: hawks
(10:29 / Allies) KeKeZergRush: cloud 1/3
(10:46 / Allies) KeKeZergRush: lvl 1 hero
(10:49 / Allies) KeKeZergRush: waitign for pala and gryph
(12:55 / All) SERIOUSCRAFT: nixe tp of lvl 1 hero
(13:05 / All) Chaos_of_Doom: ya just skills
(13:09 / All) Chaos_of_Doom: unlike u
(14:34 / Allies) KeKeZergRush: those are some skills right there
(15:07 / All) Chaos_of_Doom: oj ur gg just leave
(30:54 / All) KeKeZergRush: you guys are out of gold
(30:55 / All) KeKeZergRush: just leave
(30:59 / All) Chaos_of_Doom: no u
(31:27 / All) Chaos_of_Doom: u leave
(31:27 / All) Chaos_of_Doom: dude
(31:34 / All) KeKeZergRush: why we won
(31:39 / All) Chaos_of_Doom: whos we
(31:41 / All) Chaos_of_Doom: ur solo
(31:43 / All) KeKeZergRush: my dropped teammate
(31:53 / All) Chaos_of_Doom: ur gay teamate
(31:54 / All) Chaos_of_Doom: lost
(32:20 / All) Chaos_of_Doom: still got 2k gold
(32:27 / All) Chaos_of_Doom: its no problem
(34:19 / All) KeKeZergRush: get out
(34:20 / All) KeKeZergRush: bitches